cohdb
Replays
Latest Replays
All Replays
Popular Replays
Top Player Replays
Match Explorer
How It Works
Community
CoH3 Stats
Reddit
Sign in to upload your games and track your stats! →
Sign in with Steam
Match 45445497
Unlisted
Match 45445497
Overview
Messages
Build Orders
End
Selects Airborne Battlegroup
Selects Heavy Machine Gun Paradrop
Heavy Machine Gun Paradrop
Construct Weapon Support Center
Engineer Squad
Heavy Machine Gun Paradrop
Air Support Center
Construct Weapon Support Center
Grasshopper Recon Run
Heavy Machine Gun Paradrop
Construct Motor Pool
P-47 Strafing Run
M8 Greyhound Armored Car
Grasshopper Recon Run
Selects Recon Loiter
Recon Loiter
Selects Paratrooper Squad Paradrop
M8 Greyhound Armored Car
Grasshopper Recon Run
Selects Supply Drop
Recon Loiter
Supply Drop
Paratrooper Squad Paradrop
M24 Chaffee Light Tank
Grasshopper Recon Run
P-47 Strafing Run
P-47 Dive Bomb
Supply Drop
Air Supply
Recon Loiter
Double Sortie
Paratrooper Squad Paradrop
Grasshopper Recon Run
P-47 Strafing Run
Recon Loiter
M24 Chaffee Light Tank
Supply Drop
Grasshopper Recon Run
Recon Loiter
P-47 Dive Bomb
P-47 Strafing Run
M8 Greyhound Armored Car
Grasshopper Recon Run
M24 Chaffee Light Tank
Recon Loiter
P-47 Dive Bomb
fox
Adamir@Magnum.CZ
Materialjerry
ElakeFisk
Marowi
A Sassy Badger
Not Emily Willis™
0
0
Comments
sign in to comment!
No comments posted yet!